 Dungeon Crawl Stone Soup version 0.23-a0-767-gdc19b93d68 (webtiles) character file.

63 Morbidden the Shooter (level 3, 0/30 HPs)
             Began as a Centaur Hunter on Jan 24, 2019.
             Slain by a giant cockroach (1 damage)
             ... on level 3 of the Dungeon.
             The game lasted 00:02:24 (1237 turns).

Morbidden the Shooter (Centaur Hunter)              Turns: 1237, Time: 00:02:25

Health: 0/30       AC:  4    Str: 15    XL:     3   Next: 89%
Magic:  3/3        EV:  9    Int: 10    God:
Gold:   36         SH:  0    Dex:  9    Spells: 2/2 levels left

rFire    . . .     SeeInvis .   a - +1 shortbow
rCold    . . .     Gourm    .   (shield currently unavailable)
rNeg     . . .     Faith    .   c - +0 leather armour
rPois    .         Spirit   .   (no helmet)
rElec    .         Reflect  .   (no cloak)
rCorr    .         Harm     .   (no gloves)
MR       .....                  (no barding)
Stlth    +.........             (no amulet)
HPRegen  0.10/turn              (no ring)
MPRegen  0.08/turn              (no ring)

@: very quick
A: large, hooves 3, deformed body, speed 2, tough skin 3
a: no special abilities


You were on level 3 of the Dungeon.
You were not hungry.

You visited 1 branch of the dungeon, and saw 3 of its levels.

You collected 36 gold pieces.

Inventory:

Hand Weapons
 a - a +1 shortbow (weapon)
 b - a +0 short sword
Missiles
 d - 11 arrows (quivered)
Armour
 c - a +0 leather armour (worn)
Jewellery
 j - an uncursed amulet of magic regeneration {unknown}
Scrolls
 e - a scroll of fear {unknown}
 h - a scroll of remove curse {unknown}
 i - a scroll of immolation {unknown}
 k - a scroll of teleportation {unknown}
Comestibles
 f - 2 rations


   Skills:
 + Level 2.3 Fighting
 * Level 6.9 Bows
 + Level 0.3 Armour
 + Level 1.5 Dodging
 + Level 0.4 Stealth


You had 2 spell levels left.
You didn't know any spells.
Your spell library was empty.

Dungeon Overview and Level Annotations

Branches:
Dungeon (3/15)

Altars:

Annotations:
D:2 Terence


Innate Abilities, Weirdness & Mutations

You have hooves in place of feet.
Armour fits poorly on your strangely shaped body.
You cover ground very quickly.
You have extremely tough skin. (AC +3)


Message History

The gnoll closely misses you.
The giant cockroach completely misses you.
Firing (i - inventory)
d - 13 arrows (quivered)
Press: ? - help, Shift-Dir - straight line, f/p - gnoll
Aim: a gnoll, wielding a +0 halberd (heavily wounded)
You shoot an arrow.
The arrow hits the gnoll but does no damage.
The gnoll is heavily wounded.
The gnoll hits you from afar with a +0 halberd.
* * * LOW HITPOINT WARNING * * *
The giant cockroach bites you.
* * * LOW HITPOINT WARNING * * *
Unknown command.
Firing (i - inventory)
d - 12 arrows (quivered)
Press: ? - help, Shift-Dir - straight line, f/p - gnoll
Aim: a gnoll, wielding a +0 halberd (heavily wounded)
You shoot an arrow. The arrow hits the gnoll!
You kill the gnoll!
The giant cockroach bites you.
You die...

#.#.# .# #.#g# #.#
#.#.# #.# #.#.#
#.# #.#g# #.#
######.#(# #.#
.......#.#######.#
########(..((g(.s#
#########@# ###


You could see a gnoll and a giant cockroach.

Vanquished Creatures
  3 gnolls (D:3)
  A dart slug (D:1)
  A leopard gecko (D:3)
  A giant cockroach (D:1)
  A goblin (D:1)
  3 hobgoblins
  10 jackals (D:1)
  2 bats (D:1)
  4 frilled lizards (D:1)
  2 kobolds (D:1)
  2 rats (D:1)
30 creatures vanquished.

Notes
Turn   | Place    | Note
-------+----------+-------------------------------------------
     0 | D:1      | Morbidden the Centaur Hunter began the quest for the Orb.
     0 | D:1      | Reached XP level 1. HP: 17/17 MP: 1/1
   184 | D:1      | Reached XP level 2. HP: 24/24 MP: 2/2
   208 | D:1      | Reached skill level 6 in Bows
   675 | D:1      | Reached XP level 3. HP: 29/29 MP: 3/3
   852 | D:2      | Noticed Terence
  1235 | D:3      | HP: 1/30 [giant cockroach (2)]
  1237 | D:3      | Slain by a giant cockroach

Vault maps used:
D:1:      roderic_octagonal_star, serial_rivers, chequers_serial_rivers_micro_b,
          chequers_serial_rivers_room_b, chequers_serial_rivers_small_a,
          chequers_serial_rivers_micro_d, chequers_serial_rivers_small_b
D:2:      kennysheep_generic_room_5, uniq_terence
D:3:      uniq_sigmund

Skill      XL: |  1  2 |
---------------+-------+-----
Bows           | 6 |  6.9
Fighting       | |  2.3
Armour         | |  0.3
Dodging        | |  1.5
Stealth        | |  0.4

Action                   || total
-------------------------++-------
 Fire: Shortbow          ||    97
  Use: Potion            ||     1
Armor: Leather armour    ||    15
Dodge: Dodged            ||    35

Table legend:
 A = Non-vault XP
 B = Vault XP
 C = Vault XP percentage of total XP
 D = Non-vault monster count
 E = Vault monster count
 F = Vault count percentage of total count
                 A         B        C        D         E       F
            +---------+---------+-------+---------+---------+-------
      Total |      91 |       0 |   0.0 |      30 |       0 |   0.0
            +---------+---------+-------+---------+---------+-------
        D:1 |      42 |       0 |   0.0 |      24 |       0 |   0.0
        D:2 |       4 |       0 |   0.0 |       2 |       0 |   0.0
        D:3 |      45 |       0 |   0.0 |       4 |       0 |   0.0
            +---------+---------+-------+---------+---------+-------
